 Dungeon Crawl Stone Soup version 0.21.0-25-ge575cb9 (webtiles) character file.

340 garbagetei the Covered (level 6, -1/48 HPs)
             Began as a Formicid Fighter on Jan 26, 2018.
             Slain by an ogre
             ... wielding a +0 giant club
              (26 damage)
             ... on level 5 of the Dungeon.
             The game lasted 00:07:33 (3777 turns).

garbagetei the Covered (Formicid Fighter)           Turns: 3777, Time: 00:07:34

Health: -1/48      AC:  7    Str: 22    XL:     6   Next: 86%
Magic:  6/6        EV:  9    Int:  8    God:
Gold:   133        SH: 10    Dex: 10    Spells: 5/5 levels left

rFire    . . .     SeeInvis +   a - +1 long sword
rCold    . . .     Gourm    .   c - +0 shield
rNeg     . . .     Faith    +   b - +0 scale mail
rPois    .         Spirit   .   (helmet unavailable)
rElec    .         Reflect  .   (no cloak)
rCorr    .         Harm     .   (no gloves)
MR       +....                  (no boots)
Stlth    ..........             d - amulet of faith
HPRegen  0.16/turn              i - ring of protection from magic
MPRegen  0.10/turn              (no ring)

@: no status effects
A: permanent stasis, dig shafts and tunnels, four strong arms, antennae 3
a: Dig, Shaft Self


You were on level 5 of the Dungeon.
You were very hungry.

You visited 1 branch of the dungeon, and saw 5 of its levels.

You collected 133 gold pieces.

Inventory:

Hand Weapons
 a - a +1 long sword (weapon)
Armour
 b - a +0 scale mail (worn)
 c - a +0 shield (worn)
 e - a +0 chain mail
Jewellery
 d - an amulet of faith (around neck)
 i - a ring of protection from magic (left hand)
Wands
 r - a wand of enslavement (15)
Scrolls
 g - 3 scrolls of amnesia
 m - a scroll of magic mapping {unknown}
 o - a scroll of remove curse
 p - a scroll of teleportation {unknown}
Potions
 h - a potion of lignification {unknown}
 j - a potion of ambrosia
 k - a potion of resistance {unknown}
 l - a potion of curing {unknown}
 n - a potion of flight {unknown}
Comestibles
 f - 8 rations


   Skills:
 + Level 3.8 Fighting
 + Level 4.1 Long Blades
 + Level 5.0 Armour
 + Level 1.0 Dodging
 + Level 1.3 Stealth
 + Level 5.0 Shields


You had 5 spell levels left.
You didn't know any spells.

Dungeon Overview and Level Annotations

Branches:
Dungeon (5/15)
 Temple: D:4-7

Altars:
Ashenzari
Dithmenos
Gozag
Hepliaklqana
Ru

Shops:
D:4 :


Innate Abilities, Weirdness & Mutations

You cannot be hasted, slowed, berserked, paralysed or teleported.
You can dig through walls and to a lower floor.
Your four strong arms can wield two-handed weapons with a shield.
You have a pair of large antennae on your head. (SInv)


Message History

You climb downwards.
There is a stone staircase leading up here.
You now have 133 gold pieces (gained 12).
You sense a monster nearby.
An ogre comes into view. It is wielding a giant club.
The ogre shouts!
Found 21 stones.
It was a potion of ambrosia.
You are confused.
You feel invigorated.
You bump into the rock wall.
The ogre barely misses you. The ogre hits you with a giant club!!
Ouch! That really hurt!
The ogre hits you but does no damage.
You feel less invigorated.
You feel less confused. The ogre hits you with a giant club!!
Ouch! That really hurt!
You die...

#......O.....#
#.##########.#
........O.# #.#
####.####(# ##.## #.#
# ###...## #### #.#
#.##......###...##
#.#
#................#
#.#
####...O..........
#.# ##...@#.#####.#
#.#.##.# #.##
#.#.##.# #..#
#.#.##.# #..#
....##.#####..#######
#.####.........<.....
#......##############
######.# #.#


You could see an ogre.

Vanquished Creatures
  The ghost of RollingDesktops the Skirmisher, an amateur DsCK of Xom (D:3)
  An orc wizard (D:3)
  2 worker ants (D:4)
  6 adders
  3 worms
  A dart slug (D:1)
  9 orcs
  A ball python (D:1)
  4 giant cockroaches
  4 goblins (D:1)
  2 hobgoblins
  A quokka (D:4)
  7 bats
  5 frilled lizards
  5 kobolds
  19 rats
71 creatures vanquished.

Vanquished Creatures (others)
  A rat (D:2)
1 creature vanquished.

Grand Total: 72 creatures vanquished

Notes
Turn   | Place    | Note
-------+----------+-------------------------------------------
     0 | D:1      | garbagetei the Formicid Fighter began the quest for the Orb.
     0 | D:1      | Reached XP level 1. HP: 18/18 MP: 1/1
   132 | D:1      | Reached XP level 2. HP: 24/24 MP: 2/2
   351 | D:1      | Reached XP level 3. HP: 29/29 MP: 3/3
  1026 | D:2      | Reached XP level 4. HP: 35/35 MP: 4/4
  2094 | D:3      | Reached XP level 5. HP: 37/41 MP: 5/5
  2116 | D:3      | Found an opulent altar of Gozag.
  2116 | D:3      | Found a hazy altar of Hepliaklqana.
  2131 | D:3      | Found a shadowy altar of Dithmenos.
  2137 | D:3      | Found a shattered altar of Ashenzari.
  2138 | D:3      | Found a sacrificial altar of Ru.
  2537 | D:3      | Noticed RollingDesktops's ghost (amateur DsCK)
  2550 | D:3      | Killed RollingDesktops's ghost
  2550 | D:3      | Reached XP level 6. HP: 34/48 MP: 6/6
  2779 | D:4      | Reached skill level 1 in Stealth
  2954 | D:4      | Noticed a phantom
  2974 | D:3      | Reached skill level 5 in Armour
  2974 | D:3      | Reached skill level 1 in Dodging
  3192 | D:5      | Entered Level 5 of the Dungeon
  3244 | D:4      | Found Gato's Book Emporium.
  3278 | D:4      | Reached skill level 5 in Shields
  3750 | D:5      | Noticed an ogre
  3777 | D:5      | Slain by an ogre

Skill      XL: |  1  2  3  4  5  6 |
---------------+-------------------+-----
Shields        | 4 5 |  5.0
Armour         | 4 5 |  5.0
Long Blades    | 3 4 |  4.1
Stealth        | 1 |  1.3
Dodging        | 1 |  1.0
Fighting       | |  3.8

Action                   |  1- 3 |  4- 6 || total
-------------------------+-------+-------++-------
Melee: Long sword        |    99 |   112 ||   211
  Use: Scroll            |     1 |     5 ||     6
       Potion            |       |     2 ||     2
  Eat: Chunk             |       |     8 ||     8
Armor: Scale mail        |    51 |    24 ||    75
       Chain mail        |     2 |       ||     2
Dodge: Dodged            |    39 |    46 ||    85
Block: Shield            |    57 |    53 ||   110
       Rpst.: Long sword |    14 |    12 ||    26
